 Dungeon Crawl Stone Soup version 0.30.1-9-gdf580d7c3d (webtiles) character file.

Game seed: 5320237749967702818

16402 Chiseanne the Fighter (level 12, -2/100 HPs)
             Began as a Demonspawn Wanderer on Oct 14, 2023.
             Was an Initiate of Gozag.
             Slain by a tengu reaver
             ... wielding a +3 war axe of freezing
              (7 damage)
             ... on level 11 of the Dungeon.
             The game lasted 00:34:03 (10286 turns).

Chiseanne the Fighter (Demonspawn Wanderer)        Turns: 10286, Time: 00:34:04

Health: -2/100     AC: 15    Str: 19    XL:     12   Next: 9%
Magic:  15/15      EV: 22    Int: 19    God:    Gozag
Gold:   1363       SH:  0    Dex: 17    Spells: 14/15 levels left

rFire   . . .        a - +5 short sword (elec)
rCold   . . .        (no shield)
rNeg    . . .        e - +0 ring mail "Garewn" {Dex+3 SInv}
rPois   .            y - +1 helmet of the End {Contam Str+2 Int+6 Stlth+}
rElec   .            z - +1 cloak
rCorr   .            L - +2 pair of gloves {hurl}
SInv    +            (no boots)
Will    .....        h - amulet of regeneration
Stlth   ++           i - +5 ring of evasion
HPRegen 1.16/turn    (no ring)
MPRegen 0.14/turn

%: no passive effects
@: no status effects
A: demonic guardian 1, ignite blood 1, demonic touch 2
a: Renounce Religion, Potion Petition, Call Merchant, Bribe Branch


You were on level 11 of the Dungeon.
You worshipped Gozag.
Gozag was most pleased with you.
You visited 2 branches of the dungeon, and saw 16 of its levels.

You collected 2864 gold pieces.
You spent 673 gold pieces at shops.
You paid 828 gold pieces to Gozag.

Inventory:

Hand Weapons
 a - a +5 short sword of electrocution (weapon)
 m - a +2 spear
 s - a +4 quarterstaff of chaos
 A - a +4 morningstar
 D - a +1 flail of protection
 J - a +2 mace of venom
 M - the +3 spear of the Key {vamp, rF+ rN+}
   (You found it on level 14 of the Dungeon)

   rF:        It protects you from fire.
   rN:        It protects you from negative energy.
Missiles
 g - 82 stones
 k - 3 javelins
 o - 12 boomerangs
 F - 31 poisoned darts
 K - a boomerang of dispersal
 P - a curare-tipped dart (quivered)
Armour
 e - the +0 ring mail "Garewn" (worn) {Dex+3 SInv}
   (You bought it in a shop on level 10 of the Dungeon)

   Dex:       It affects your dexterity (+3).
   SInv:      It lets you see invisible.
 y - the +1 helmet of the End (worn) {Contam Str+2 Int+6 Stlth+}
   (You bought it in a shop on level 4 of the Dungeon)

   Str:       It affects your strength (+2).
   Int:       It affects your intelligence (+6).
   Contam:    It causes magical contamination when unequipped.
   Stlth:     It makes you more stealthy.
 z - a +1 cloak (worn)
 L - a +2 pair of gloves of hurling (worn)
 N - a +1 leather armour of fire resistance
 S - a +4 ring mail of cold resistance
Jewellery
 b - an amulet of reflection
 h - an amulet of regeneration (around neck)
 i - a +5 ring of evasion (left hand)
 n - a ring of resist corrosion
 p - a ring of flight
 C - a ring of positive energy
Wands
 d - a wand of quicksilver (3)
 u - a wand of paralysis (12)
 B - a wand of flame (20)
 G - a wand of mindburst (6)
 R - a wand of iceblast (3)
Scrolls
 f - 2 scrolls of immolation
 w - a scroll of poison
 x - 2 scrolls of fear
 E - a scroll of butterflies
 H - 4 scrolls of teleportation
Potions
 c - 3 potions of lignification
 j - 2 potions of curing
 l - 4 potions of brilliance {unknown}
 q - 2 potions of cancellation
 r - a potion of haste
 t - 2 potions of heal wounds
 v - 2 potions of mutation {unknown}
 I - a potion of resistance
 O - 2 potions of invisibility {unknown}
 Q - a potion of flight {unknown}


   Skills:
 * Level 11.5 Fighting
 - Level 3.6 Polearms
 * Level 10.7 Armour
 * Level 10.7 Dodging
 - Level 1.0 Stealth
 - Level 2.0 Spellcasting
 - Level 1.0 Fire Magic


You had 14 spell levels left.
You knew the following spells:

 Your Spells              Type           Power      Damage    Failure   Level
a - Foxfire               Conj/Fire      12%        2x1d4     21%         1

Your spell library contained the following spells:

 Spells                   Type           Power      Damage    Failure   Level
 Kiss of Death            Conj/Necr      4%         2d5       26%         1
 Ignite Poison            Fire/Tmut/Pois 3%         N/A       56%         3
 Confusing Touch          Hex            1%         N/A       58%         3
 Portal Projectile        Hex/Tloc       2%         N/A       58%         3
 Tukima's Dance           Hex            1%         N/A       58%         3
 Dispel Undead            Necr           1%         3d6       94%         4
 Summon Ice Beast         Ice/Summ       1%         N/A       94%         4
 Blade Hands              Tmut           0%         N/A       100%        5
 Summon Mana Viper        Hex/Summ       1%         N/A       100%        5
 Monstrous Menagerie      Summ           0%         N/A       100%        7


Dungeon Overview and Level Annotations

Branches:
Dungeon (15/15)            Temple (1/1) D:4             Orc (0/2) D:10
   Lair: D:8-11      Vaults: D:13-14     Depths: D:15

Altars:
Ashenzari
Cheibriados
Dithmenos
Fedhas
Gozag
Hepliaklqana
Kikubaaqudgha
Makhleb
Nemelex Xobeh
Okawaru
Qazlal
Ru
Sif Muna
Trog
Uskayaw
Vehumet
Wu Jian
Xom
Yredelemnul

Shops:
D:4 [   D:9 **   D:10 [

Annotations:
D:12 exclusion: ugly thing


Innate Abilities, Weirdness & Mutations

A weak demonic guardian rushes to your aid.
Your demonic aura sometimes causes spilled blood to erupt in flames.
Your touch may inflict irresistible damage on your foes.


Message History

The tengu reaver pecks you but does no damage.
The tengu reaver claws you.
You hit the tengu reaver but do no damage.
Lightning courses through the tengu reaver!
You touch the tengu reaver!
The tengu reaver is severely wounded.
The tengu reaver hits you with a +3 war axe of freezing!!
The tengu reaver freezes you. The tengu reaver barely misses you.
The tengu reaver claws you.
You puncture the tengu reaver! Your touch misses the tengu reaver.
The tengu reaver is severely wounded.
The tengu reaver points at you and mumbles some strange words.
The bolt of fire hits you!!!
Ouch! That really hurt!
* * * LOW HITPOINT WARNING * * *
A demonic guardian appears!
The tengu reaver attacks as you move away!
The tengu reaver closely misses you. The tengu reaver pecks you.
* * * LOW HITPOINT WARNING * * *
The tengu reaver barely misses you.
You feel much better.
Your shadow imp hits the tengu reaver but does no damage.
You miss the tengu reaver.
The tengu reaver is severely wounded.
The tengu reaver hits you with a +3 war axe of freezing!
The tengu reaver freezes you.
The tengu reaver hits your shadow imp with a +3 war axe of freezing!
Your shadow imp dies!
Your shadow imp disappears in a puff of smoke!
The tengu reaver pecks you but does no damage.
The tengu reaver claws you but does no damage.
The tengu reaver blocks your attack.
The tengu reaver is severely wounded.
The tengu reaver hits you with a +3 war axe of freezing!!
* * * LOW HITPOINT WARNING * * *
A demonic guardian appears!
The tengu reaver freezes you!
* * * LOW HITPOINT WARNING * * *
The tengu reaver pecks you!
You die...
Your body crumbles into a pile of gold.

..###'####......### # #.<
..#......# # ### ..#.####.# #. #
..#.# #.# #[# ##### ..'.# #.#
########.#.. ..#.# #.# #####
#.#.....#.. ..#.# #.#
#....######.###...#.. ..#.# #.#
###Q5.#.#.#.#...#.. ..#.#
#.######.@####.#.#.###.#..
..#.####......###.#...#.#.#.#.'..
..#..............##...##.#.#..#..
###........########....#.#.#..#..
...........# #....#.###..#..
...........########....#.#....#..
.#######...............###....###
.................................
..........#######................


You could see a tengu reaver (ally target) and a friendly shadow imp (summoned).

Vanquished Creatures
  A hydra (D:15)
  A catoblepas (D:11)
  A boulder beetle (D:11)
  Pikel (D:6)
  An ugly thing (D:11)
  2 cyclopes (D:12)
  Maurice (D:10)
  A gargoyle (D:12)
  An unseen horror (D:12)
  3 kobold demonologists (D:9)
  A troll (D:12)
  A hornet (D:11)
  7 slime creatures (D:14)
  3 shadows (D:10)
  A vampire (D:9)
  A wraith (D:11)
  A wyvern (D:8)
  6 yaks
  2 steam dragons
  11 vampire mosquitoes
  Edmund (D:6)
  2 acid dragons
  A two-headed ogre zombie (D:10)
  5 water moccasins
  7 orc warriors
  A sky beast (D:6)
  2 ogres (D:4)
  A black bear (D:3)
  An ogre (shapeshifter) (D:14)
  3 centaurs
  4 boggarts
  2 phantoms
  3 lemures
  5 kobold brigands
  3 bullfrogs (D:8)
  A gnoll sergeant (D:9)
  3 scorpions
  3 wights (D:8)
  A troll zombie (D:10)
  11 killer bees
  An electric eel (D:9)
  A howler monkey (D:8)
  A hound (D:5)
  4 orc priests
  A jelly (D:7)
  Crazy Yiuf (D:6)
  2 gnoll boudas
  3 sleepcaps
  6 iguanas
  Terence (D:3)
  10 orc wizards
  6 ogre zombies (D:10)
  2 hound skeletons (D:3)
  13 gnolls
  13 orc zombies
  3 adders
  An adder zombie (D:3)
  4 dart slugs
  58 orcs
  9 endoplasms
  5 giant cockroaches
  13 goblins
  9 hobgoblins
  2 jackals (D:1)
  5 quokkas
  6 ball pythons
  3 ball python skeletons (D:3)
  A ball python zombie (D:3)
  7 bats
  5 frilled lizards
  2 goblin skeletons (D:10)
  5 goblin zombies (D:10)
  2 hobgoblin skeletons (D:10)
  A jackal skeleton (D:3)
  A jackal zombie (D:3)
  11 kobolds
  An orc skeleton (D:10)
  A quokka zombie (D:3)
  7 rats
334 creatures vanquished.

Vanquished Creatures (collateral kills)
  A flayed ghost (D:11)
  A slime creature (D:14)
  A centaur simulacrum (D:11)
  An orc (D:9)
  A kobold (D:1)
  A goblin zombie (D:10)
  2 orc zombies (D:10)
8 creatures vanquished.

Grand Total: 342 creatures vanquished

Notes
Turn   | Place    | Note
-------+----------+-------------------------------------------
     0 | D:1      | Chiseanne the Demonspawn Wanderer began the quest for the
                  | Orb.
     0 | D:1      | Chiseanne set off with the following items: a +2 spear, a
                  | +0 ring mail, a potion of lignification; and the following
                  | spell memorised: Foxfire; and the following spells
                  | available to memorise: Ignite Poison.
     0 | D:1      | Reached XP level 1. HP: 13/13 MP: 3/3
   135 | D:1      | Gained mutation: A weak demonic guardian rushes to your
                  | aid. [demonic ancestry]
   135 | D:1      | Reached XP level 2. HP: 16/20 MP: 5/5
   183 | D:1      | Reached skill level 1 in Fighting
   419 | D:1      | Reached XP level 3. HP: 26/26 MP: 6/6
   813 | D:2      | Found a faded altar of an unknown god.
  1529 | D:3      | Reached XP level 4. HP: 33/33 MP: 7/7
  1634 | D:3      | Found a burning altar of Makhleb.
  1763 | D:3      | Noticed Terence
  1769 | D:3      | Killed Terence
  1770 | D:3      | Reached skill level 2 in Fighting
  2615 | D:4      | Found Diyptoos's Antique Armour Shop.
  2627 | D:4      | Noticed a black bear
  2630 | D:4      | Noticed an ogre
  2639 | D:3      | Killed a black bear
  2640 | D:3      | Reached skill level 3 in Fighting
  2640 | D:3      | Gained mutation: Your demonic aura sometimes causes spilled
                  | blood to erupt in flames. [demonic ancestry]
  2640 | D:3      | Reached XP level 5. HP: 40/41 MP: 8/8
  2738 | D:4      | Gained mutation: Your touch may inflict minor irresistible
                  | damage on your foes. [demonic ancestry]
  2738 | D:4      | Reached XP level 6. HP: 47/47 MP: 9/9
  2999 | D:4      | Found a staircase to the Ecumenical Temple.
  3010 | Temple   | Entered the Ecumenical Temple
  3075 | Temple   | Became a worshipper of Gozag Ym Sagoz the Greedy
  3273 | D:4      | Reached skill level 4 in Fighting
  3325 | D:4      | Gained mutation: Your touch may inflict irresistible damage
                  | on your foes. [demonic ancestry]
  3325 | D:4      | Reached XP level 7. HP: 54/54 MP: 10/10
  3527 | D:4      | Bought a translucent helmet for 228 gold pieces
  3527 | D:4      | Identified the +1 helmet of the End {Contam Str+2 Int+6
                  | Stlth+} (You bought it in a shop on level 4 of the Dungeon)
  3549 | D:5      | Entered Level 5 of the Dungeon
  3983 | D:5      | Found a shimmering blue altar of Sif Muna.
  4124 | D:6      | Reached skill level 5 in Fighting
  4217 | D:6      | Reached XP level 8. HP: 62/62 MP: 11/11
  4413 | D:6      | Found a runed translucent door.
  4414 | D:6      | Noticed Crazy Yiuf
  4425 | D:6      | Killed Crazy Yiuf
  4455 | D:6      | Noticed Edmund
  4482 | D:6      | Killed Edmund
  4483 | D:6      | Reached skill level 5 in Armour
  4483 | D:6      | Reached skill level 5 in Dodging
  4545 | D:6      | Found an iron altar of Okawaru.
  4636 | D:7      | Reached skill level 6 in Fighting
  4678 | D:7      | Noticed Pikel
  4710 | D:6      | Killed Pikel
  4711 | D:6      | Reached XP level 9. HP: 69/71 MP: 12/12
  4793 | D:7      | Reached skill level 7 in Fighting
  5771 | D:8      | Found a transporter.
  5837 | D:8      | Reached skill level 8 in Fighting
  5926 | D:8      | Found a transporter.
  6168 | D:8      | Reached XP level 10. HP: 64/81 MP: 13/13
  6474 | D:9      | Found Buafut's General Store.
  6476 | D:9      | Found Dij Zour's Specific Store.
  6596 | D:9      | Noticed a two-headed ogre
  6946 | D:9      | Reached skill level 9 in Fighting
  7199 | D:9      | Found an ancient bone altar of Kikubaaqudgha.
  7256 | D:9      | You fall into a shaft and drop 3 floors!
  7286 | D:12     | Noticed a cyclops
  7289 | D:12     | Noticed a gargoyle
  7344 | D:12     | Noticed a green ugly thing
  7515 | D:12     | You fall into a shaft and drop 2 floors!
  7518 | D:14     | Noticed a harpy
  7629 | D:14     | Noticed a boulder beetle
  7680 | D:14     | Noticed a cyan ugly thing
  7680 | D:14     | Noticed a cyan ugly thing
  7680 | D:14     | Noticed a cyan ugly thing
  7704 | D:15     | Entered Level 15 of the Dungeon
  7704 | D:15     | Noticed a six-headed hydra
  7718 | D:15     | Killed a six-headed hydra
  7741 | D:15     | Reached XP level 11. HP: 66/90 MP: 14/14
  7935 | D:14     | Reached skill level 10 in Fighting
  7954 | D:14     | Identified the +3 spear of the Key {vamp, rF+ rN+}
  8121 | D:12     | Noticed a skeletal warrior
  8121 | D:12     | Noticed a skeletal warrior
  8133 | D:11     | Found a shadowy altar of Dithmenos.
  8254 | D:11     | Noticed a boulder beetle
  8274 | D:11     | Killed a boulder beetle
  8594 | D:10     | Entered Level 10 of the Dungeon
  8632 | D:10     | Bought a twisted ring mail for 243 gold pieces
  8632 | D:10     | Identified the +0 ring mail "Garewn" {Dex+3 SInv} (You
                  | bought it in a shop on level 10 of the Dungeon)
  8634 | D:10     | Bought a pair of runed gloves for 202 gold pieces
  8710 | D:9      | Noticed a sixfirhy
  8715 | D:9      | Reached skill level 10 in Armour
  8715 | D:9      | Reached skill level 10 in Dodging
  9086 | D:10     | Found a staircase to the Orcish Mines.
  9237 | D:10     | Reached skill level 11 in Fighting
  9296 | D:10     | Noticed Maurice
  9299 | D:10     | Paralysed by Maurice for 2 turns
  9306 | D:10     | Killed Maurice
  9328 | D:10     | Found a hide-covered altar of Uskayaw.
  9754 | D:10     | Noticed a +0 dagger
  9754 | D:10     | Noticed a +0 hand axe
 10051 | D:11     | Noticed a red ugly thing
 10069 | D:11     | Killed a red ugly thing
 10083 | D:11     | Noticed a flayed ghost
 10090 | D:11     | Killed a flayed ghost
 10091 | D:11     | Reached XP level 12. HP: 68/100 MP: 15/15
 10138 | D:11     | Found the +15 Maxwell's patent armour {-Cast -Tele rElec
                  | Will+ rCorr}
 10220 | D:11     | Paralysed by a hornet for 3 turns
 10245 | D:11     | Noticed a catoblepas
 10264 | D:11     | Killed a catoblepas
 10275 | D:11     | Noticed a tengu reaver
 10286 | D:11     | HP: 5/100 [tengu reaver/+3 war axe of freezing (7)]
 10286 | D:11     | Slain by a tengu reaver

Illustrated notes

Levels and vault maps discovered:
D:1:      scummos_arrival_forest, layout_loops_ring
D:2:      layout_loops_ring, ebering_ecumenical_altar_box,
          minmay_fractal_squares_5
D:3:      layout_basic, nicolae_overflow_hidden_temple, serial_undead,
          serial_undead_c, serial_undead_d, serial_undead_d, serial_undead_c,
          serial_undead_b, serial_undead_b, serial_undead_a, uniq_terence
D:4:      minmay_recursive_quarters, layout_rooms,
          minmay_temple_entry_large_hall, serial_shops, nicolae_shop_crystal,
          kennysheep_donut, minmay_ruptured
D:5:      layout_cave_pools, nicolae_sif_muna_condensation
D:6:      layout_rooms, kennysheep_okawaru_gauntlet, uniq_crazy_yiuf_cottage,
          uniq_edmund
D:7:      layout_cave_pools, serial_column_ruins, column_ruins_columns_water,
          column_ruins_corridor_dead_end, column_ruins_grid_4,
          minmay_misc_feat_x, uniq_pikel, uniq_menkaure
D:8:      gammafunk_cloud_chamber, layout_basic, kennysheep_potato
D:9:      layout_gridville, nicolae_kikubaaqudgha_miasma_corner, special_room
          [special_room_orc], minmay_crystal_water, nicolae_specific_store
D:10:     layout_basic, dancing_weapons_uskayaw, mainiacjoe_overflow_catwalk,
          zombieorc2_lemuel, minivault_16, uniq_maurice
D:11:     minmay_chopped_fan, layout_stronghold, lair_entry_dummy, minivault_19,
          grunt_dithmenos_smoke
D:12:     layout_basic, enter_trove_6, minmay_misc_feat_plants
D:13:     layout_grid_maze, grunt_vaults_entry_fortified
D:14:     layout_roguey [special_room_bee], serial_ice, serial_ice_i,
          serial_ice_a, serial_ice_g, serial_ice_d, minmay_fountain_box,
          onia_ninara_dug_in_and_dangerous
D:15:     gammafunk_enter_depths_forms, layout_irregular_city,
          nicolae_qazlal_style_of_elements
Temple:   nicolae_temple_bog_church

Skill      XL: |  1  2  3  4  5  6  7  8  9 10 11 |
---------------+----------------------------------+-----
Fighting       | 1 3 4 5 6 8 9 11 | 11.5
Dodging        | 2 3 4 6 7 9 10 | 10.7
Armour         | 2 3 4 6 7 9 10 | 10.7
Polearms       | |  3.6
Stealth        | |  1.0
Spellcasting   | |  2.0
Fire Magic     | |  1.0

Action                     |  1- 3 |  4- 6 |  7- 9 | 10-12 || total
---------------------------+-------+-------+-------+-------++-------
  Melee: Spear             |   116 |       |     1 |       ||   117
         Short sword       |    18 |   155 |   244 |   579 ||   996
         Touch             |       |    15 |    53 |   130 ||   198
         Punch             |       |       |     6 |    10 ||    16
         Mace              |       |       |       |     5 ||     5
  Throw: Dart              |       |     9 |    22 |     1 ||    32
         Stone             |       |       |    11 |    10 ||    21
         Throwing net      |       |       |     1 |       ||     1
 Invoke: Call Merchant     |       |       |       |     1 ||     1
  Evoke: Wand              |       |       |       |    12 ||    12
    Use: Scroll            |     9 |     6 |     6 |     6 ||    27
         Potion            |       |       |     4 |     5 ||     9
   Stab: Sleeping          |       |       |     1 |     2 ||     3
         Paralysed         |       |       |       |     7 ||     7
 Armour: Ring mail         |    46 |    31 |    73 |    97 ||   247
         Leather armour    |       |       |       |   108 ||   108
  Dodge: Dodged            |    47 |   130 |   195 |   749 ||  1121
